 Dungeon Crawl Stone Soup version 0.30-a0-948-g4fa250aae5 (webtiles) character file.

Game seed: 8465290903535766982

130 cforsyth the Trooper (level 5, 0/43 HPs)
             Began as a Formicid Fighter on Mar 26, 2023.
             Succumbed to a gnoll's poison
             ... on level 3 of the Dungeon on Mar 27, 2023.
             The game lasted 00:03:48 (2534 turns).

cforsyth the Trooper (Formicid Fighter)             Turns: 2534, Time: 00:03:48

Health: 0/43       AC:  6    Str: 23    XL:     5   Next: 36%
Magic:  5/5        EV:  8    Int:  7    God:
Gold:   169        SH:  9    Dex: 13    Spells: 4/4 levels left

rFire   . . .      SeeInvis +    a - +0 flail
rCold   . . .      Faith    .    l - +0 kite shield
rNeg    . . .      Spirit   .    b - +0 scale mail
rPois   .          Reflect  .    (helmet unavailable)
rElec   .          Rampage  .    (no cloak)
rCorr   .                        (no gloves)
Will    .....                    (no boots) Stlth
                                 (no amulet)
HPRegen 0.27/turn                (no ring)
MPRegen 0.09/turn                (no ring)

@: lethally poisoned (0 -> -11)
A: permanent stasis, dig shafts and tunnels, antennae 3, four strong arms
a: Dig, Shaft Self


You were on level 3 of the Dungeon.
You visited 1 branch of the dungeon, and saw 3 of its levels.

You collected 169 gold pieces.

Inventory:

Hand Weapons
 a - a +0 flail (weapon)
Armour
 b - a +0 scale mail (worn)
 c - a +0 buckler
 l - a +0 kite shield (worn)
Jewellery
 j - a ring of willpower
 p - a +6 ring of dexterity
Wands
 q - a wand of flame (21)
Scrolls
 e - 4 scrolls of teleportation {unknown}
 f - 2 scrolls of poison {unknown}
 g - a scroll of blinking {unknown}
 m - a scroll of vulnerability {unknown}
 n - 3 scrolls of identify {unknown}
Potions
 d - a potion of might
 h - 2 potions of resistance {unknown}
 i - 2 potions of lignification {unknown}
 k - a potion of invisibility {unknown}
 o - a potion of heal wounds {unknown}


   Skills:
 + Level 4.8 Fighting
 + Level 3.6 Maces & Flails
 - Level 3.5 Armour
 - Level 4.3 Shields


You had 4 spell levels left.
You didn't know any spells.
Your spell library contained the following spells:

 Spells                   Type           Power      Damage    Failure   Level
 Beastly Appendage        Tmut           0%         N/A       95%         1
 Wereblood                Tmut           0%         N/A       99%         2
 Spider Form              Tmut/Pois      0%         N/A       100%        3
 Malign Gateway           Summ/Tloc      0%         N/A       100%        7
 Summon Horrible Things   Summ           0%         N/A       100%        8


Dungeon Overview and Level Annotations

Branches:
Dungeon (3/15)

Altars:

Annotations:
D:2 Robin


Innate Abilities, Weirdness & Mutations

You cannot be hasted, slowed, berserked, paralysed or teleported.
You can dig through walls and to a lower floor.
You have a pair of large antennae on your head. (SInv)
Your four strong arms can wield two-handed weapons with a shield.


Message History

The frilled lizard hisses angrily.
You hear a shout!
A gnoll comes into view. It is wielding a +0 club.
A gnoll comes into view. It is wielding a +2 whip of venom.
A gnoll comes into view. It is wielding a +0 halberd.
The gnoll shouts! x2
Found a giant club.
You closely miss the frilled lizard.
The frilled lizard bites you but does no damage.
You miss the frilled lizard. You block the frilled lizard's attack.
An orc comes into view. It is wielding a +0 hand axe.
The frilled lizard bites you. The gnoll hits you with a +0 club.
You closely miss the gnoll.
The orc shouts!
You block the gnoll's attack. The gnoll hits you but does no damage.
You block the frilled lizard's attack.
You hit the gnoll.
The gnoll is moderately wounded.
The gnoll barely misses you. The gnoll hits you with a +0 club.
You block the gnoll's attack. The frilled lizard bites you.
You hit the gnoll.
The gnoll is heavily wounded.
You block the gnoll's attack.
The gnoll hits you with a +2 whip of venom.
You are poisoned.
The gnoll barely misses you. You block the frilled lizard's attack.
The gnoll hits you from afar with a +0 halberd.
The frilled lizard bites you but does no damage.
The gnoll hits you but does no damage.
The gnoll hits you with a +2 whip of venom.
You are lethally poisoned!
The gnoll attacks as you move away! The gnoll closely misses you.
* * * LOW HITPOINT WARNING * * *
You feel very sick.
The frilled lizard attacks as you move away!
You block the frilled lizard's attack.
* * * LOW HITPOINT WARNING * * *
You feel very sick.
* * * LOW HITPOINT WARNING * * *
You feel very sick.
You die...

......
.........#
#........#
###>.[....##.
#............
#............
#....g.......
####....g.......
#...@.g.o.......
#.##..l.........
{
#.###.#######...
#.# #+# #.. )
#.# #.# #.#
#.#### # #.#
#.##.# # #.#
#.##.###### #
#.#
###.#.......# #


You could see 3 gnolls, an orc and a frilled lizard.

Vanquished Creatures
  Natasha (thrice) (D:1)
  An adder (D:2)
  A worm (D:2)
  A dart slug (D:1)
  3 ball pythons
  2 bats (D:1)
  4 endoplasms
  2 giant cockroaches
  11 goblins
  4 hobgoblins
  2 kobolds
  A quokka (D:1)
  3 frilled lizards
  A rat (D:1)
39 creatures vanquished.

Notes
Turn   | Place    | Note
-------+----------+-------------------------------------------
     0 | D:1      | cforsyth the Formicid Fighter began the quest for the Orb.
     0 | D:1      | Reached XP level 1. HP: 18/18 MP: 1/1
   287 | D:1      | Reached XP level 2. HP: 24/24 MP: 2/2
   785 | D:2      | Reached XP level 3. HP: 29/29 MP: 3/3
   843 | D:2      | Noticed Natasha
   843 | D:2      | Noticed Robin
   895 | D:1      | Killed Natasha
   896 | D:1      | Reached XP level 4. HP: 33/37 MP: 4/4
  1215 | D:1      | Noticed Natasha
  1225 | D:1      | Killed Natasha
  1458 | D:1      | Noticed Natasha
  1465 | D:1      | Killed Natasha
  1466 | D:1      | Reached XP level 5. HP: 32/43 MP: 5/5
  2534 | D:3      | Succumbed to a gnoll's poison

Illustrated notes

Levels and vault maps discovered:
D:1:      nicolae_arrival_somewhat_less_tricky_arrival, layout_basic
D:2:      layout_basic, uniq_natasha, uniq_robin
D:3:      layout_basic, gammafunk_ghost_split, grunt_ministairs_15,
          chequers_serial_rivers_micro_b, uniq_ijyb

Skill      XL: |  1  2  3  4 |
---------------+-------------+-----
Fighting       | 4 |  4.8
Maces & Flails | 3 |  3.6
Armour         | |  3.5
Shields        | |  4.3

Action                     |  1- 3 |  4- 6 || total
---------------------------+-------+-------++-------
  Melee: Flail             |    53 |    77 ||   130
 Armour: Scale mail        |    29 |    37 ||    66
  Dodge: Dodged            |    15 |    38 ||    53
  Block: Buckler           |     3 |       ||     3
         Kite shield       |    11 |    56 ||    67

Table legend: (Time is in decaauts)
 A = Elapsed time spent in this place.
 B = Non-inter-level travel time spent in this place.
 C = Inter-level travel time spent in this place.
 D = Time resting spent in this place.
 E = Time spent auto-exploring this place.
 F = Levels seen in this place.
 G = Mean time per level.
                   A        B        C        D        E       F      G
               +--------+--------+--------+--------+--------+-----+--------+
         Total |   2584 |   2460 |    124 |    209 |   1863 |   3 |  861.3 |
       Dungeon |   2584 |   2460 |    124 |    209 |   1863 |   3 |  861.3 |
               +--------+--------+--------+--------+--------+-----+--------+

Top non-repeatable levels by time:
     D:1: 1728 daAuts
     D:2: 658 daAuts
     D:3: 196 daAuts
